 Dungeon Crawl Stone Soup version 0.29-a0-1027-gcd8c55af63 (webtiles) character file.

Game seed: 8177659888115879446

10 DungeonMaster the Ducker (level 2, 18/21 HPs)
             Began as a Demonspawn Wanderer on Aug 12, 2022.
             Quit the game on level 1 of the Dungeon.
             The game lasted 00:00:58 (451 turns).

DungeonMaster the Ducker (Demonspawn Wanderer)       Turns: 451, Time: 00:00:58

Health: 18/21      AC:  6    Str: 10    XL:     2   Next: 10%
Magic:  5/5        EV:  9    Int: 12    God:
Gold:   12         SH:  0    Dex: 15    Spells: 5/5 levels left

rFire   . . .      SeeInvis .   e - +0 short sword (vamp)
rCold   . . .      Faith    .   (no shield)
rNeg    . . .      Spirit   .   h - +0 scale mail
rPois   .          Reflect  .   (helmet restricted)
rElec   .          Harm     .   (no cloak)
rCorr   .          Rampage  .   (no gloves)
Will    .....                   (no boots)
Stlth   ..........              (no amulet)
HPRegen 0.07/turn               (no ring)
MPRegen 0.09/turn               (no ring)

@: no status effects
A: antennae 1
a: no special abilities


You were on level 1 of the Dungeon.
You visited 1 branch of the dungeon, and saw 1 of its levels.

You collected 12 gold pieces.

Inventory:

Hand Weapons
 e - a +0 vampiric short sword (weapon)
Missiles
 g - 4 poisoned darts (quivered)
Armour
 c - a +0 helmet
 h - a +0 scale mail (worn)
Scrolls
 b - a scroll of teleportation
 d - a scroll of butterflies
 f - a scroll of fear {unknown}


   Skills:
 * Level 1.5 Fighting
 - Level 1.7 Short Blades
 * Level 1.2 Armour
 * Level 2.1 Dodging
 - Level 1.0 Stealth
 - Level 2.0 Spellcasting
 - Level 1.0 Evocations


You had 5 spell levels left.
You didn't know any spells.
Your spell library was empty.

Dungeon Overview and Level Annotations

Branches:
Dungeon (1/15)

Altars:


Innate Abilities, Weirdness & Mutations

You have a pair of small antennae on your head.


Message History

You drop 5 stones.
A quokka comes into view.
The quokka bites you.
You closely miss the quokka. The quokka bites you.
You barely miss the quokka. The quokka barely misses you.
The quokka closely misses you.
You hit the quokka.
You feel better.
The quokka is heavily wounded.
The quokka bites you.
You hit the quokka but do no damage.
The quokka is heavily wounded.
The quokka barely misses you.
You hit the quokka.
You feel better.
The quokka is almost dead.
The quokka bites you.
You barely miss the quokka.
The quokka is almost dead.
The quokka twitches its whiskers.
The quokka bites you but does no damage. x2
You hit the quokka.
You feel better.
The quokka is almost dead.
The quokka barely misses you.
You hit the quokka.
You kill the quokka!
Found a ring mail.
You see here a +0 ring mail.
A dart slug comes into view.
You hit the dart slug.
The dart slug is moderately wounded.
The dart slug launches a dart at you. The slug dart hits you.
You hit the dart slug.
You feel better.
The dart slug is severely wounded.
You hit the dart slug.
You feel better.
You kill the dart slug!
You have reached level 2!
Your demonic ancestry asserts itself...
A pair of antennae grows on your head!
Your +0 helmet falls away!
Are you sure you want to abandon this character and quit the game? (Confirm with "yes".)

#.# #.# #.#
#.# #+# #.#
#####.####
#........#
##.###.##.#
###...##.##.#
.......#.##.#
#@.##.#
#†###.# #.#
#.# #.# #.#
... ..# #.#
#.# #.#


There were no monsters in sight!

Vanquished Creatures
  2 dart slugs (D:1)
  An endoplasm (D:1)
  A kobold (D:1)
  A quokka (D:1)
  A ball python (D:1)
6 creatures vanquished.

Notes
Turn   | Place    | Note
-------+----------+-------------------------------------------
     0 | D:1      | DungeonMaster the Demonspawn Wanderer began the quest for
                  | the Orb.
     0 | D:1      | DungeonMaster set off with the following items: a +2 short
                  | sword, a scroll of teleportation, a +0 helmet, a scroll of
                  | butterflies, a +0 robe.
     0 | D:1      | Reached XP level 1. HP: 15/15 MP: 3/3
   451 | D:1      | Gained mutation: You have a pair of small antennae on your
                  | head. [demonic ancestry]
   451 | D:1      | Reached XP level 2. HP: 18/21 MP: 5/5
   451 | D:1      | Quit the game

Illustrated notes

Levels and vault maps discovered:
D:1:      scummos_arrival_gate, layout_loops_corners, minmay_misc_feat_roman

Skill      XL: |  1 |
---------------+----+-----
Dodging        | 2 |  2.1
Fighting       | |  1.5
Short Blades   | |  1.7
Armour         | |  1.2
Stealth        | |  1.0
Spellcasting   | |  2.0
Evocations     | |  1.0

Action                   || total
-------------------------++-------
Melee: Short sword       ||    33
Armor: Scale mail        ||     9
       Robe              ||     2
Dodge: Dodged            ||     8

Table legend: (Time is in decaauts)
 A = Elapsed time spent in this place.
 B = Non-inter-level travel time spent in this place.
 C = Inter-level travel time spent in this place.
 D = Time resting spent in this place.
 E = Time spent auto-exploring this place.
 F = Levels seen in this place.
 G = Mean time per level.
                   A        B        C        D        E       F      G
               +--------+--------+--------+--------+--------+-----+--------+
         Total |    451 |    451 |      0 |    186 |    162 |   1 |  451.0 |
       Dungeon |    451 |    451 |      0 |    186 |    162 |   1 |  451.0 |
               +--------+--------+--------+--------+--------+-----+--------+

Top non-repeatable levels by time:
     D:1: 451 daAuts
